 Dungeon Crawl Stone Soup version 0.25.0-1-g7eea58d (webtiles) character file.

Game seed: 11015136476167326488

178 lyrin the Vandal (level 5, -2/33 HPs)
             Began as a Halfling Ice Elementalist on June 27, 2020.
             Was a Follower of Vehumet.
             Killed by divine providence
             ... invoked by an orc priest
              (10 damage)
             ... on level 3 of the Dungeon.
             The game lasted 00:06:18 (3328 turns).

lyrin the Vandal (Halfling Ice Elementalist)        Turns: 3328, Time: 00:06:18

Health: -2/33      AC:  3    Str: 10    XL:     5   Next: 89%
Magic:  4/7        EV: 15    Int: 13    God:    Vehumet [*.....]
Gold:   269        SH:  0    Dex: 15    Spells: 3/7 levels left

rFire    . . .     SeeInvis .   g - +0 hunting sling
rCold    . . .     Gourm    .   (shield restricted)
rNeg     . . .     Faith    .   a - +0 robe
rPois    .         Spirit   .   e - +0 helmet
rElec    .         Reflect  .   (no cloak)
rCorr    .         Harm     .   (no gloves)
MR       .....                  (no boots)
Stlth    ++........             (no amulet)
HPRegen  0.11/turn              (no ring)
MPRegen  0.10/turn              (no ring)

@: lightly drained
A: small, mutation resistance 1
a: Renounce Religion


You were on level 3 of the Dungeon.
You worshipped Vehumet.
Vehumet was aware of your devotion.
You were not hungry.

You visited 1 branch of the dungeon, and saw 3 of its levels.

You collected 269 gold pieces.

Inventory:

Hand Weapons
 g - a +0 hunting sling (weapon)
 o - a +0 whip of draining
 t - a +2 dagger of draining
Missiles
 h - 96 stones (quivered)
 m - 17 sling bullets
Armour
 a - a +0 robe (worn)
 e - a +0 helmet (worn)
Jewellery
 k - a +4 ring of protection {unknown}
Wands
 r - a wand of random effects (21)
Scrolls
 b - 2 scrolls of teleportation {unknown}
 d - 2 scrolls of identify {unknown}
 f - a scroll of amnesia {unknown}
 l - 3 scrolls of remove curse {unknown}
 s - a scroll of fear {unknown}
 u - 3 scrolls of enchant weapon {unknown}
Potions
 i - a potion of heal wounds {unknown}
 j - a potion of curing {unknown}
 n - a potion of flight {unknown}
 p - a potion of mutation {unknown}
 v - a potion of lignification {unknown}
Comestibles
 c - 3 rations
 q - a chunk of flesh


   Skills:
 + Level 1.0(0.8) Fighting
 * Level 6.0(5.8) Slings
 + Level 2.3(2.1) Dodging
 - Level 2.1(1.9) Stealth
 + Level 1.8(1.5) Spellcasting
 + Level 4.5(4.2) Ice Magic


You had 3 spell levels left.
You knew the following spells:

 Your Spells              Type           Power        Failure   Level  Hunger
a - Freeze                Ice            ##..         4%          1    ##.....
b - Frozen Ramparts       Ice            ##....       14%         3    ####...

Your spell library contained the following spells:

 Spells                   Type           Power        Failure   Level  Hunger
 Foxfire                  Conj/Fire      #...         26%         1    ##.....
 Ozocubu's Armour         Chrm/Ice       #.......     32%         3    ####...
 Hailstorm                Conj/Ice       #.......     73%         4    #####..
 Summon Ice Beast         Ice/Summ       #.......     73%         4    #####..


Dungeon Overview and Level Annotations

Branches:
Dungeon (3/15)

Altars:
Trog
Vehumet


Innate Abilities, Weirdness & Mutations

You are small and have problems with some larger weapons.
You are somewhat resistant to further mutation.


Message History

The spell is quite dangerous to cast (14% risk of failure)!
Continue anyway?
Okay, then.
Casting: Frozen Ramparts (quite dangerous; 14% risk of failure)
Confirm with . or Enter, or press ? or * to list all spells.
The spell is quite dangerous to cast (14% risk of failure)!
Continue anyway?
The walls around you are covered in ice.
The wall freezes the orc.
You kill the orc!
Vehumet accepts your kill.
The wall freezes the orc.
The wall freezes the orc.
The wall freezes the orc.
You kill the orc!
Vehumet accepts your kill.
The wall freezes the orc priest.
The wall freezes the orc priest.
The frozen ramparts melt away.
The orc priest mumbles some strange prayers to Beogh against you.
Beogh smites you!
You die...

'..รท..............()##..#??!#o
#..............))##.##..#####.
#...............o#..o...o.o...
#................#####o.......
#................# #.......###
#................# #.#######
#................# #.#
#................# #.#
#...#######'####@###.#######
..).......................>#
#.#<########.......###.#.###
#.######## #..#..#.# #.#.#
#)#......# ##[#..#.# #.#.#
..#.####.####.#..#.###.#.#
###.# #......#...[..#<#.# # #.#
#..###...##.#.###.# #
#.####.[).....##.#.#...#


You could see an orc priest.

Vanquished Creatures
  Terence (D:3)
  Ijyb (D:3)
  Natasha (D:3)
  3 adders
  A dart slug (D:2)
  3 leopard geckos
  6 orcs (D:3)
  6 bats
  A giant cockroach (D:1)
  2 goblins
  10 hobgoblins
  4 jackals (D:3)
  11 kobolds
  4 quokkas
  3 frilled lizards
  8 rats
65 creatures vanquished.

Notes
Turn   | Place    | Note
-------+----------+-------------------------------------------
     0 | D:1      | lyrin the Halfling Ice Elementalist began the quest for the
                  | Orb.
     0 | D:1      | Reached XP level 1. HP: 11/11 MP: 3/3
   250 | D:1      | Reached XP level 2. HP: 17/17 MP: 4/4
   487 | D:1      | Reached skill level 1 in Slings
   741 | D:1      | Reached XP level 3. HP: 21/21 MP: 5/5
  1013 | D:2      | Reached skill level 2 in Slings
  1343 | D:2      | Found a bloodstained altar of Trog.
  1417 | D:2      | Reached skill level 3 in Slings
  1417 | D:2      | Reached XP level 4. HP: 20/27 MP: 4/6
  2133 | D:3      | Noticed Terence
  2304 | D:3      | Noticed Ijyb
  2311 | D:2      | Learned a level 3 spell: Frozen Ramparts
  2486 | D:3      | Killed Terence
  2486 | D:3      | Reached skill level 4 in Slings
  2606 | D:3      | Killed Ijyb
  2606 | D:3      | Reached skill level 5 in Slings
  2606 | D:3      | Reached XP level 5. HP: 15/32 MP: 3/7
  2862 | D:3      | Noticed Natasha
  2870 | D:3      | Killed Natasha
  2870 | D:3      | Reached skill level 1 in Fighting
  2949 | D:3      | Found a faded altar of an unknown god.
  2961 | D:3      | Became a worshipper of Vehumet
  2961 | D:3      | Reached * piety under Vehumet
  2961 | D:3      | Offered knowledge of Foxfire by Vehumet.
  3262 | D:3      | Reached skill level 6 in Slings
  3328 | D:3      | Killed from afar by an orc priest

Illustrated notes

Levels and vault maps discovered:
D:1:      scummos_arrival_gate, layout_basic, serial_glass, glass_columns_c,
          glass_columns_a
D:2:      layout_loops_ring, lemuel_crystal_altar, first_ration, serial_rivers,
          chequers_serial_rivers_micro_d, chequers_serial_rivers_small_b,
          chequers_serial_rivers_room_b, chequers_serial_rivers_micro_b,
          chequers_serial_rivers_small_3
D:3:      layout_basic, chequers_ecumenical_altar_simple, due_unseen_surprise,
          uniq_natasha, uniq_ijyb, uniq_terence

Skill      XL: |  1  2  3  4  5 |
---------------+----------------+-----
Slings         | 1 3 5 6 |  6.0
Fighting       | 1 |  1.0
Dodging        | |  2.3
Stealth        | |  2.1
Spellcasting   | |  1.8
Ice Magic      | |  4.5

Action                   |  1- 3 |  4- 6 || total
-------------------------+-------+-------++-------
Melee: Dagger            |       |    12 ||    12
 Fire: Hunting sling     |    85 |   118 ||   203
 Cast: Freeze            |     7 |     4 ||    11
       Frozen Ramparts   |       |     4 ||     4
  Eat: Chunk             |     2 |     6 ||     8
Armor: Robe              |     6 |     9 ||    15
Dodge: Dodged            |    39 |    58 ||    97
